 Dungeon Crawl Stone Soup version 0.19.1 (webtiles) character file.

600 ImaNewbie the Spear-Bearer (level 7, -10/78 HPs)
             Began as a Merfolk Berserker on Dec 8, 2016.
             Was a Believer of Trog.
             Mangled by tschems's ghost (11 damage)
             ... on level 3 of the Dungeon.
             The game lasted 00:09:59 (3192 turns).

ImaNewbie the Spear-Bearer (Merfolk Berserker)      Turns: 3192, Time: 00:10:00

Health: -10/78     AC:  4    Str: 22    XL:     7   Next: 41%
Magic:  7/7        EV: 13    Int:  6    God:    Trog [**....]
Gold:   126        SH:  0    Dex: 19    Spells: 0 memorised, 6 levels left

rFire  . . .     SeeInvis .     g - +2 spear (venom)
rCold  . . .     Gourm    +     b - +0 animal skin
rNeg   . . .     Faith    .     (no shield)
rPois  .         Spirit   .     (no helmet)
rElec  .         Reflect  .     m - +1 cloak
rCorr  .         Harm     .     (no gloves)
MR     .....                    (no boots)
Stlth  ..........               r - amulet of the gourmand
                                (no ring)
                                j - +3 ring of dexterity

@: berserking, very quick
A: change form in water, swift swim, stealthy swim
a: Berserk, Trog's Hand, Burn Spellbooks, Renounce Religion


You were on level 3 of the Dungeon.
You worshipped Trog.
Trog was pleased with you.
You were very full.

You visited 1 branch of the dungeon, and saw 3 of its levels.

You collected 126 gold pieces.

Inventory:

Hand Weapons
 g - a +2 spear of venom (weapon)
Armour
 b - a +0 animal skin (worn)
 f - a +0 leather armour
 m - a +1 cloak (worn)
Jewellery
 j - a +3 ring of dexterity (left hand)
 r - an amulet of the gourmand (around neck)
Wands
 e - a wand of flame (33/48)
Scrolls
 a - a scroll of recharging {unknown}
 d - a scroll of enchant armour
 l - 3 scrolls of magic mapping
 n - a scroll of amnesia {unknown}
 o - 9 scrolls of identify {unknown}
 p - 2 scrolls of random uselessness {unknown}
 s - a scroll of fear {unknown}
 v - a scroll of enchant weapon {unknown}
 x - a scroll of remove curse
Potions
 i - a potion of lignification {unknown}
 k - a potion of curing {unknown}
 q - a potion of resistance {unknown}
 t - a potion of heal wounds {unknown}
 u - a potion of degeneration {unknown}
Comestibles
 c - a bread ration
 h - a meat ration
 w - 4 chunks of flesh


   Skills:
 - Level 3.2 Fighting
 + Level 11.6 Polearms
 - Level 1.3 Armour
 - Level 2.6 Dodging


You had 6 spell levels left.
You didn't know any spells.

Dungeon Overview and Level Annotations

Branches:
Dungeon (3/15)

Altars:
The Shining One

Annotations:
D:3 tschems's ghost, amateur HuFi


Message History

You barely miss tschems's ghost.
Tschems's ghost is almost destroyed.
Tschems's ghost hits you!
* * * LOW HITPOINT WARNING * * *
Tschems's ghost whispers, "Death doesn't hurt.
What you feel is life."
Okay, then.
Unknown command.
Okay, then.
Unknown command.
A red film seems to cover your vision as you go berserk!
You feel yourself moving faster!
You feel mighty! Tschems's ghost hits you.
* * * LOW HITPOINT WARNING * * *
You barely miss tschems's ghost.
Tschems's ghost is almost destroyed.
You hit tschems's ghost.
Tschems's ghost is almost destroyed.
You hit tschems's ghost.
Tschems's ghost is almost destroyed.
Tschems's ghost hits you!
You die...

.#.##.###W#..##.# ##...........
...##.# #.......# #.########.#
#.###÷# ###..#### #.# #.. #.# #.#
#....# ##'## #.# ..# #.# #.##.#
##...## #.# #.###.###.##.#
##.....## #.# .............##
##.......## ##.
...÷.####.#...####.<.......####..
...............W@'.........'.....
#.#..####.#...####.........####..
..#..# #<##.## ##.......## ##.
###..# #.#### ##.....## #. # #..#
#.## ##...## #. #*#..# #..# ##'##
## .,...# ##.# #.# ##########.###
#.# * #.......# ##.##


You could see tschems's ghost.

Vanquished Creatures
  Grinder (D:3)
  Sigmund (D:2)
  2 orc priests (D:3)
  Jessica (D:3)
  4 gnolls (D:3)
  4 adders
  An ooze (D:2)
  4 worms
  5 leopard geckos
  6 orcs (D:3)
  A ball python (D:3)
  2 giant cockroaches
  4 goblins
  10 jackals
  6 bats
  2 frilled lizards
  6 kobolds
  6 rats
66 creatures vanquished.

Notes
Turn   | Place    | Note
-------+----------+-------------------------------------------
     0 | D:1      | ImaNewbie the Merfolk Berserker began the quest for the Orb.
     0 | D:1      | Reached XP level 1. HP: 18/18 MP: 1/1
   166 | D:1      | Reached skill level 5 in Polearms
   172 | D:1      | Reached XP level 2. HP: 24/24 MP: 2/2
   706 | D:1      | Found a glowing golden altar of the Shining One.
  1112 | D:2      | Reached XP level 3. HP: 29/29 MP: 3/3
  1144 | D:2      | Reached skill level 6 in Polearms
  1646 | D:2      | Reached ** piety under Trog
  1926 | D:3      | Noticed Sigmund
  1926 | D:3      | Noticed tschems's ghost (amateur HuFi)
  1938 | D:2      | Killed Sigmund
  1938 | D:2      | Reached skill level 9 in Polearms
  1938 | D:2      | Reached XP level 4. HP: 31/35 MP: 4/4
  1938 | D:2      | Reached XP level 5. HP: 37/41 MP: 5/5
  2089 | D:3      | Reached XP level 6. HP: 45/47 MP: 6/6
  2428 | D:3      | Noticed Jessica
  2436 | D:3      | Killed Jessica
  2436 | D:3      | Reached skill level 10 in Polearms
  2623 | D:3      | Noticed Grinder
  2637 | D:3      | Killed Grinder
  2637 | D:3      | Reached skill level 11 in Polearms
  2637 | D:3      | Reached XP level 7. HP: 52/52 MP: 7/7
  3189 | D:3      | HP: 1/78 [tschems's ghost (5)]
  3192 | D:3      | Mangled by tschems's ghost

Skill      XL: |  1  2  3  4  5  6 |
---------------+-------------------+-----
Polearms       | 5 9 11 | 11.6
Fighting       | |  3.2
Armour         | |  1.3
Dodging        | |  2.6

Action                   |  1- 3 |  4- 6 |  7- 9 || total
-------------------------+-------+-------+-------++-------
Melee: Spear             |    98 |    62 |    82 ||   242
Invok: Berserk           |     1 |     1 |     1 ||     3
       Trog's Hand       |     1 |     1 |       ||     2
Evoke: Wand              |       |     1 |       ||     1
  Use: Scroll            |       |     5 |       ||     5
 Stab: Sleeping          |     5 |     1 |     1 ||     7
       Distracted        |       |       |     1 ||     1
  Eat: Chunk             |     3 |    12 |     3 ||    18
Armor: Animal skin       |    12 |     5 |     4 ||    21
Dodge: Dodged            |    47 |    10 |    19 ||    76
